 Dungeon Crawl Stone Soup version 0.30.0-16-gbe6223bb7e (webtiles) character file.

Game seed: 202282370565602177

270 RevX99 the Magician (level 6, 0/41 HPs)
             Began as a Djinni Ice Elementalist on May 20, 2023.
             Was a Plaything of Xom.
             Slain by a gnoll
             ... wielding a +0 whip
              (6 damage)
             ... on level 4 of the Dungeon.
             The game lasted 00:25:30 (3247 turns).

RevX99 the Magician (Djinni Ice Elementalist)       Turns: 3247, Time: 00:25:30

Health: 0/41       AC:  5    Str:  7    XL:     6   Next: 46%
Gold:   223        EV: 12    Int: 18    God:    Xom [.*....] SH:  0 Dex: 14

rFire   + + +        g - staff of death
rCold   x . .        (no shield)
rNeg    + . .        c - +0 leather armour {Will+}
rPois   ∞            (no helmet)
rElec   .            n - +1 cloak
rCorr   .            (no gloves)
SInv    .            (boots unavailable)
Will    +....        (no amulet)
Stlth   ++           j - ring of protection from fire
HPRegen 0.26/turn    (no ring)
MPRegen 0.00/turn

%: infuse magic (-1 HP)
@: flying
A: sickness immunity, fire resistance 2, cold vulnerability 1, float, innate
caster, HP casting, extra vitality 1
a: Renounce Religion


You were on level 4 of the Dungeon.
You worshipped Xom.
You were a plaything of Xom.
You visited 1 branch of the dungeon, and saw 4 of its levels.

You collected 223 gold pieces.

Inventory:

Armour
 c - a +0 leather armour of willpower (worn)
 n - a +1 cloak (worn)
Magical Staves
 g - a staff of death (weapon)
Jewellery
 j - a ring of protection from fire (left hand)
Wands
 a - a wand of iceblast (11) (quivered)
Scrolls
 b - a scroll of blinking
 i - 2 scrolls of identify
 l - 2 scrolls of enchant weapon
Potions
 d - 2 potions of degeneration {unknown}
 e - a potion of brilliance {unknown}
 f - 4 potions of curing
 h - 2 potions of haste
 k - a potion of ambrosia {unknown}
 m - a potion of lignification {unknown}
 o - a potion of flight {unknown}


   Skills:
 + Level 0.3 Fighting
 + Level 1.2 Armour
 + Level 2.6 Dodging
 + Level 1.9 Stealth
 + Level 5.3 Spellcasting


You knew the following spells:

 Your Spells              Type           Power      Damage    Failure   Level
a - Freeze                Ice            96%        1d10      1%          1
b - Frozen Ramparts       Ice            48%        1d8       6%          3
c - Ozocubu's Armour      Ice            24%        N/A       6%          3
d - Summon Ice Beast      Ice/Summ       24%        N/A       21%         4
e - Necrotise             Necr           100%       1d9       1%          1
f - Ensorcelled Hibernat  Hex/Ice        48%        N/A       3%          2
Your spell library was empty.

Dungeon Overview and Level Annotations

Branches:
Dungeon (4/15)
 Temple: D:4-7

Altars:
Ru
Xom

Annotations:
D:4 Blork the orc


Innate Abilities, Weirdness & Mutations

You are immune to sickness and miasma.
You are immune to poison.
Your flesh is very heat resistant. (rF++)
You are vulnerable to cold. (rC-)
You float through the air rather than walking.
You learn spells naturally, not from books.
Your magical power is your life essence.
You have superior vitality. (+4 MHP)


Message History

You hear an angry hiss.
The adder hisses angrily.
The gnoll attacks as you move away! The gnoll barely misses you.
A giant cockroach comes into view.
The adder closely misses you. The gnoll hits you with a +0 flail.
The gnoll hits you with a +0 flail. The adder bites you but does no damage.
Aiming: Iceblast
Press: ? - help, Q - select action, (/) - cycle Shift-Dir - straight line That beam is likely to hit you.
Continue anyway?
Okay, then.
Aiming: Iceblast
Press: ? - help, Q - select action, (/) - cycle Shift-Dir - straight line The mass of ice explodes!
The iceblast engulfs the giant cockroach!
You kill the giant cockroach!
The iceblast engulfs the adder!
You kill the adder!
The gnoll hits you with a +0 flail!
Aiming: Iceblast
Press: ? - help, Q - select action, (/) - cycle Shift-Dir - straight line, f - gnoll
Aim: a gnoll, wielding a +2 halberd of flaming (moderately wounded) That beam is likely to hit you.
Continue anyway?
Uppercase [Y]es or [N]o only, please.
That beam is likely to hit you.
Continue anyway?
The mass of ice explodes!
The iceblast engulfs the gnoll!
You kill the gnoll!
The iceblast engulfs you!
You feel a painful chill!
* * * LOW HITPOINT WARNING * * *
The iceblast engulfs the gnoll!
You kill the gnoll!
The iceblast engulfs the gnoll!
The gnoll is almost dead.
You hear a bark!
Blork the orc comes into view.
He is wielding a +0 battleaxe.
Blink to where?
Press: ? - help, Dir - move target
Okay, then.
The gnoll attacks as you move away! The gnoll hits you with a +0 whip.
You die...
Xom chortles!

## ################# ..
................# .#
######.#######.# .#
#######.....†@#.###.######
#............)g...........
####.....#...###.#.###.......
...............o..>##########
......<..#...#.###..........
#####...<....#.###.########.
.#.......##.....####
.........†...#..^....#
.#.......S....#.####.#


You could see Blork the orc and a gnoll.

Vanquished Creatures
  Natasha (thrice) (D:3)
  An orc wizard (D:3)
  Ijyb (D:3)
  2 gnolls (D:4)
  6 adders
  A worm (D:2)
  2 dart slugs
  8 orcs (D:3)
  A ball python (D:1)
  5 endoplasms
  4 giant cockroaches
  9 goblins
  6 hobgoblins
  3 kobolds (D:2)
  5 quokkas
  5 bats
  3 frilled lizards
  8 rats
73 creatures vanquished.

Notes
Turn   | Place    | Note
-------+----------+-------------------------------------------
     0 | D:1      | RevX99 the Djinni Ice Elementalist began the quest for the
                  | Orb.
     0 | D:1      | RevX99 set off with the following spells memorised: Freeze,
                  | Frozen Ramparts, Ozocubu's Armour, Summon Ice Beast.
     0 | D:1      | Reached XP level 1. HP: 15/15 MP: 0/0
   330 | D:1      | Reached XP level 2. HP: 16/21 MP: 0/0
   682 | D:1      | Reached XP level 3. HP: 19/25 MP: 0/0
   682 | D:1      | Learned a level 1 spell: Necrotise
  1155 | D:2      | Identified the +7 sling of the Fulmar {flame, rElec rPois
                  | rC-}
  1170 | D:2      | Reached skill level 4 in Spellcasting
  1216 | D:2      | Found a faded altar of an unknown god.
  1231 | D:2      | Prayed at the altar of an unknown god.
  1231 | D:2      | Became a worshipper of The Xom-Meister, Xom-o-Rama
  1235 | D:2      | XOM: divination: detect items
  1477 | D:2      | XOM: potion effect (berserk rage)
  1483 | D:2      | Reached XP level 4. HP: 31/31 MP: 0/0
  1611 | D:2      | Identified the +2 whip "Hydraslayer" {heavy, Contam rPois
                  | rN+}
  1954 | D:3      | Noticed Ijyb
  1966 | D:3      | XOM: cast spell 'Olgreb's Toxic Radiance'
  1967 | D:3      | Killed Ijyb
  1988 | D:3      | Noticed Natasha
  1997 | D:3      | XOM: confuse monster(s)
  2001 | D:3      | Killed Natasha
  2002 | D:3      | Reached XP level 5. HP: 16/35 MP: 0/0
  2002 | D:3      | Learned a level 2 spell: Ensorcelled Hibernation
  2014 | D:3      | Noticed Natasha
  2021 | D:3      | Killed Natasha
  2142 | D:3      | Noticed Natasha
  2150 | D:3      | Killed Natasha
  2151 | D:3      | Reached skill level 5 in Spellcasting
  2215 | D:3      | XOM: silly message
  2352 | D:3      | Reached skill level 1 in Armour
  2427 | D:3      | XOM: silly message
  2436 | D:3      | Reached XP level 6. HP: 36/40 MP: 0/0
  2476 | D:3      | XOM: silly message
  2574 | D:3      | Found a sacrificial altar of Ru.
  3001 | D:3      | XOM: silly message
  3239 | D:4      | XOM: destruction
  3246 | D:4      | Noticed Blork the orc
  3247 | D:4      | Slain by a gnoll

Illustrated notes

Levels and vault maps discovered:
D:1:      minmay_arrival_open_corners, layout_basic, minmay_gold_behind_fungi
D:2:      layout_rooms, chequers_ecumenical_altar_simple, minmay_door_square,
          kennysheep_generic_room_5
D:3:      layout_loops_ring, nicolae_ru_sacrificial_ziggurat,
          nicolae_overflow_crystal_walls, uniq_ijyb, uniq_natasha
D:4:      layout_basic, mainiacjoe_overflow_alcove_1, marbit_many_paths,
          portal_sewer_entry_b, uniq_blork_the_orc, uniq_crazy_yiuf_cottage,
          uniq_pikel

Skill      XL: |  1  2  3  4  5 |
---------------+----------------+-----
Spellcasting   | 4 5 |  5.3
Armour         | 1 |  1.2
Fighting       | |  0.3
Dodging        | |  2.6
Stealth        | |  1.9

Action                     |  1- 3 |  4- 6 || total
---------------------------+-------+-------++-------
  Melee: Unarmed           |     2 |       ||     2
         Punch             |     1 |       ||     1
         Staff             |     3 |     1 ||     4
   Cast: Freeze            |    56 |    77 ||   133
  Evoke: Wand              |       |     3 ||     3
    Use: Scroll            |     7 |     3 ||    10
 Armour: Robe              |     7 |       ||     7
         Ring mail         |       |     5 ||     5
         Leather armour    |       |    17 ||    17
  Dodge: Dodged            |    21 |    50 ||    71
